 Dungeon Crawl Stone Soup version 0.30-a0-862-g1aabd4f9c5 (webtiles) character file.

Game seed: 4875462410997615398

33 cforsyth the Magician (level 3, 0/28 HPs)
             Began as a Deep Elf Earth Elementalist on Mar 9, 2023.
             Succumbed to an adder's poison
             ... on level 2 of the Dungeon.
             The game lasted 00:01:17 (974 turns).

cforsyth the Magician (Deep Elf Earth Elementalist)  Turns: 974, Time: 00:01:18

Health: 0/28       AC: 21    Str:  5    XL:     3   Next: 12%
Magic:  3/10       EV:  2    Int: 21    God:
Gold:   75         SH:  0    Dex: 15    Spells: 9/10 levels left

rFire   . . .      SeeInvis .    (no weapon)
rCold   . . .      Faith    .    (no shield)
rNeg    . . .      Spirit   .    a - melded +0 robe
rPois   +          Reflect  .    (helmet currently unavailable)
rElec   .          Rampage  .    (cloak currently unavailable)
rCorr   .          NoTele   +    (gloves currently unavailable)
Will    .....                    h - melded +0 pair of boots
Stlth   ++                       (no amulet)
HPRegen 0.24/turn                (no ring)
MPRegen 0.12/turn                (no ring)

@: lethally poisoned (0 -> -1), tree-form, attractive
A: stationary, stasis, torment immunity, boosted hp
a: no special abilities


You were on level 2 of the Dungeon.
You were a tree.
You visited 1 branch of the dungeon, and saw 2 of its levels.

You collected 75 gold pieces.

Inventory:

Armour
 a - a +0 robe (melded)
 h - a +0 pair of boots (melded)
Scrolls
 f - a scroll of enchant armour {unknown}
 g - a scroll of torment {unknown}
Potions
 b - a potion of magic
 e - a potion of heal wounds {unknown}


   Skills:
 - Level 2.4 Dodging
 - Level 2.4 Stealth
 + Level 4.1 Spellcasting
 - Level 1.1 Transmutations
 + Level 4.1 Earth Magic


You had 9 spell levels left.
You knew the following spells:

 Your Spells              Type           Power      Damage    Failure   Level
a - Sandblast             Erth           42%        2d11      2%          1

Your spell library contained the following spells:

 Spells                   Type           Power      Damage    Failure   Level
 Passwall                 Tmut/Erth      12%        N/A       6%          2
 Stone Arrow              Conj/Erth      24%        3d8       16%         3
 Petrify                  Tmut/Erth      15%        N/A       38%         4


Dungeon Overview and Level Annotations

Branches:
Dungeon (2/15)

Altars:


Message History

The bat misses you.
The giant cockroach bites you but does no damage.
The giant cockroach closely misses you. The bat hits you but does no damage.
Your Spellcasting skill increases to level 4!
Your Earth Magic skill increases to level 4!
You have reached level 3!
Your experience leads to an increase in your attributes!
Increase (S)trength, (I)ntelligence, or (D)exterity?
You feel clever. x2
Casting: Sandblast (safe; 2% risk of failure)
Confirm with . or Enter, or press ? or * to list all spells.
Aiming: Sandblast (safe; 2% risk of failure)
Press: ? - help, Shift-Dir - straight line, f - giant cockroach
Aim: a giant cockroach (83% to hit)
The blast of sand hits the giant cockroach.
The giant cockroach is heavily wounded.
* * * LOW HITPOINT WARNING * * *
You feel sick. The bat closely misses you. The giant cockroach misses you.
The bat barely misses you. The giant cockroach barely misses you.
Unknown command.
Casting: Sandblast (safe; 2% risk of failure)
Confirm with . or Enter, or press ? or * to list all spells.
Aiming: Sandblast (safe; 2% risk of failure)
Press: ? - help, Shift-Dir - straight line, f/p - giant cockroach
Aim: a giant cockroach (heavily wounded, 83% to hit)
The blast of sand hits the giant cockroach.
The giant cockroach is almost dead.
* * * LOW HITPOINT WARNING * * *
You feel sick. The bat barely misses you. The bat completely misses you.
The giant cockroach bites you but does no damage.
Unknown command.
It was a potion of lignification.
You turn into a tree.
Your +0 pair of boots melds into your body.
Your +0 robe melds into your body.
Your roots penetrate the ground.
* * * LOW HITPOINT WARNING * * *
You feel sick. The bat hits you but does no damage.
The giant cockroach bites you but does no damage. x2
It was a potion of attraction.
You feel attractive to monsters.
You die...

#.....# .#
#.....#..##
#.....#...$
.......... #
##.........
#.#8........#
#.........!..
#..b.♣B8.....
##..)....##..
##8.....#
##...#.#
###.#.# .. #
.. ..#


You could see a giant cockroach and a bat.

Vanquished Creatures
  An adder (D:2)
  A ball python (D:1)
  2 endoplasms (D:1)
  2 giant cockroaches (D:1)
  4 goblins (D:1)
  A hobgoblin (D:1)
  A kobold (D:1)
  3 quokkas (D:1)
  2 frilled lizards (D:1)
  4 rats
21 creatures vanquished.

Notes
Turn   | Place    | Note
-------+----------+-------------------------------------------
     0 | D:1      | cforsyth the Deep Elf Earth Elementalist began the quest
                  | for the Orb.
     0 | D:1      | Reached XP level 1. HP: 10/10 MP: 6/6
   199 | D:1      | Reached XP level 2. HP: 15/15 MP: 5/8
   971 | D:2      | Reached XP level 3. HP: 4/19 MP: 4/10
   973 | D:2      | HP: 1/28 [poisoned by an adder]
   974 | D:2      | Succumbed to an adder's poison

Illustrated notes

Levels and vault maps discovered:
D:1:      nicolae_arrival_washed_ashore, layout_basic, serial_forest,
          infiniplex_forest_clump_tiny, infiniplex_forest_clump_large,
          infiniplex_forest_3_way, infiniplex_forest_lined_3,
          infiniplex_forest_clump_C, infiniplex_forest_pool
D:2:      layout_rooms, ebering_ecumenical_altar_abandoned, grunt_ministairs_1,
          minmay_tetromino_i4

Skill      XL: |  1  2 |
---------------+-------+-----
Spellcasting   | 4 |  4.1
Earth Magic    | 4 |  4.1
Dodging        | |  2.4
Stealth        | |  2.4
Transmutations | |  1.1

Action                     || total
---------------------------++-------
   Cast: Sandblast         ||    29
    Use: Potion            ||     2
 Armour: Robe              ||     8
         Skin              ||     3
  Dodge: Dodged            ||    11

Table legend: (Time is in decaauts)
 A = Elapsed time spent in this place.
 B = Non-inter-level travel time spent in this place.
 C = Inter-level travel time spent in this place.
 D = Time resting spent in this place.
 E = Time spent auto-exploring this place.
 F = Levels seen in this place.
 G = Mean time per level.
                   A        B        C        D        E       F      G
               +--------+--------+--------+--------+--------+-----+--------+
         Total |    988 |    958 |     30 |     29 |    787 |   2 |  494.0 |
       Dungeon |    988 |    958 |     30 |     29 |    787 |   2 |  494.0 |
               +--------+--------+--------+--------+--------+-----+--------+

Top non-repeatable levels by time:
     D:1: 976 daAuts
     D:2: 12 daAuts
